Map: Astillero orbital

Players

Xandros - Winner!

  • Race: Zerg Zerg

IA (Muy fácil) 1

  • Race: Terran Terran

VOD

Have the link to the VOD?

Description

Time

  • Played on: Nov. 24, 2015, 10:16 a.m.
  • Length: 26:48
Show
View Real Time Build Order
Export as new Build Order

Xandros Zerg - Winner!

Build Orders: Hatch First, Muta Ling Bane 

Get SALT Encoding   

  12  0:02  Drone  
  13  0:15  Drone  
  13  0:21  Overlord  
  14  0:39  Drone x3  
  17  0:56  Drone  
  18  0:58  Hatchery  
  18  1:01  Drone  
  18  1:12  Overlord  
  18  1:24  Drone  
  19  1:36  Spawning Pool  
  18  1:40  Extractor  
  17  1:49  Hatchery, Overlord  
  16  2:08  Drone  
  16  2:09  Drone x2  
  19  2:19  Drone  
  20  2:22  Queen  
  20  2:25  Queen  
  20  2:29  Drone  
  25  2:32  Drone  
  26  2:43  Drone  
  27  2:46  Drone  
  27  2:48  Spine Crawler  
  27  3:01  Overlord  
  27  3:05  Queen  
  29  3:15  Drone x3  
  29  3:18  Drone x2  
  34  3:22  Extractor  
  33  3:32  Baneling Nest  
  32  3:49  Drone x3  
  32  3:52  Drone x2  
  37  3:57  Drone x3  
  37  3:59  Drone x3  
  37  4:00  Drone x2  
  45  4:05  Zergling x6  
  48  4:12  Metabolic Boost  
  48  4:17  Lair  
  48  4:20  Drone  
  48  4:21  Drone  
  48  4:23  Overlord x2  
  50  4:50  Drone x2  
  50  4:51  Drone  
  50  4:52  Drone  
  54  4:55  Extractor  
  54  4:58  Zergling x10  
  58  5:05  Extractor  
  57  5:08  Queen  
  57  5:12  Pneumatized Carapace  
  59  5:15  Centrifical Hooks  
  59  5:29  Overseer  
  59  5:35  Overseer  
  59  5:39  Overlord  
  59  5:41  Overlord  
  59  5:43  Overlord  
  59  5:53  Queen  
  59  5:57  Drone x3  
  62  6:01  Zergling x8  
  62  6:02  Zergling x4  
  62  6:03  Drone  
  71  6:23  Drone  
  71  6:24  Drone  
  72  6:26  Drone x5  
  77  6:36  Baneling x4  
  77  6:37  Baneling x4  
  77  6:40  Drone x3  
  80  7:01  Drone  
  80  7:02  Drone x2  
  80  7:06  Extractor  
  82  7:13  Spire  
  78  7:23  Baneling  
  78  7:27  Baneling x4  
  75  8:04  Baneling x4  
  75  8:17  Extractor  
  75  8:18  Drone x3  
  75  8:19  Drone  
  78  8:30  Nydus Network  
  77  8:34  Infestation Pit  
  76  9:01  Drone x2  
  76  9:02  Drone  
  79  9:04  Drone x2  
  79  9:09  Hatchery  
  80  9:11  Mutalisk x2  
  80  9:12  Mutalisk x2  
  86  10:20  Corruptor x4  
  94  10:55  Neural Parasite  
  94  11:00  Nydus Canal  
  94  12:10  Hive  
  94  12:14  Pathogen Glands  
  94  12:15  Infestation Pit  
  93  12:16  Hydralisk Den  
  90  13:13  Hydralisk  
  90  13:14  Hydralisk x2  
  90  13:19  Overlord  
  96  13:20  Overlord x3  
  96  13:21  Overlord  
  96  13:37  Queen  
  98  13:48  Infestor x2  
  102  13:58  Nydus Canal  
  102  14:14  Greater Spire  
  102  14:19  Spire  
  102  14:22  Lurker Den  
  95  15:29  Hydralisk x4, Zergling x4  
  95  15:30  Hydralisk x3, Zergling x8  
  95  15:31  Hydralisk x3, Zergling x8  
  95  15:32  Zergling x2  
  126  15:44  Overseer  
  126  15:45  Baneling  
  126  15:46  Baneling x2  
  126  15:54  Brood Lord x4  
  132  16:08  Roach Warren  
  130  16:16  Evolution Chamber  
  129  16:21  Evolution Chamber  
  128  16:40  Hatchery  
  127  16:59  Hatchery  
  126  17:01  Zerg Flyer Armor Level 1  
  126  17:02  Zerg Flyer Weapons Level 1  
  126  17:08  Nydus Canal  
  126  17:37  Extractor  
  126  17:38  Extractor  
  126  17:42  Glial Reconstitution  
  124  17:46  Muscular Augments  
  124  18:17  Hatchery  
  123  18:34  Queen  
  123  18:36  Drone x3  
  128  18:45  Extractor  
  128  18:46  Extractor  
  125  19:01  Tunneling Claws  
  125  19:09  Roach  
  129  19:10  Roach x5  
  129  19:11  Roach x5  
  147  19:42  Zerg Missile Weapons Level 1, Zerg Ground Armor Level 1  
  147  19:45  Zerg Flyer Armor Level 2  
  147  19:47  Zerg Flyer Weapons Level 2  
  147  19:51  Mutalisk  
  147  19:52  Mutalisk x2  
  149  19:55  Overlord x2  
  149  19:56  Overlord x3  
  149  19:57  Overlord  
  153  20:21  Drone x2  
  153  20:22  Drone  
  156  21:23  Queen  
  158  21:32  Extractor  
  157  21:33  Extractor  
  156  21:48  Zerg Ground Armor Level 2, Zerg Missile Weapons Level 2  
  156  22:01  Ultralisk Cavern  
  155  22:09  Zerg Flyer Weapons Level 3  
  155  22:11  Zerg Flyer Armor Level 3  
  155  24:32  Ultralisk x2  
  155  24:33  Ultralisk x4  
  155  24:35  Ultralisk  
Show
View Real Time Build Order
Export as new Build Order

IA (Muy fácil) 1 Terran 

Build Orders:  

Get SALT Encoding   

  12  0:00  SCV  
  13  0:13  SCV  
  14  0:19  Supply Depot  
  14  0:37  Refinery  
  14  0:46  Barracks  
  14  1:01  Supply Depot  
  14  1:12  SCV  
  15  1:24  SCV  
  16  1:33  Marine  
  16  1:36  SCV  
  18  1:48  SCV  
  19  1:56  Reaper  
  19  2:00  SCV  
  21  2:12  SCV  
  22  2:26  Orbital Command  
  22  4:46  SCV  
  22  4:47  Marine  
  22  4:49  Refinery  
  22  4:52  Factory  
  24  4:53  Command Center  
  24  4:56  Supply Depot  
  24  5:17  SCV  
  24  5:19  Marine  
  24  5:20  Supply Depot  
  26  5:29  SCV  
  27  5:39  Starport  
  27  5:42  SCV  
  26  5:52  Marine  
  26  5:54  SCV  
  28  6:06  SCV  
  28  6:08  SCV, Refinery  
  30  6:11  Barracks Tech Lab, Refinery  
  30  6:16  Starport Tech Lab  
  30  6:18  SCV  
  31  6:22  SCV  
  32  6:29  Marine  
  32  6:30  SCV  
  31  6:33  Raven  
  31  6:37  SCV  
  34  6:44  SCV  
  35  6:51  SCV  
  36  6:59  SCV  
  36  7:02  Marine  
  36  7:06  SCV  
  38  7:13  SCV  
  39  7:16  Raven  
  39  7:20  SCV  
  42  7:28  SCV  
  41  7:31  Hellion  
  41  7:35  SCV  
  35  7:42  SCV  
  30  7:50  SCV  
  30  7:57  SCV  
  26  8:00  Hellion  
  26  8:04  SCV  
  29  8:11  SCV  
  30  8:18  SCV  
  31  8:25  SCV  
  32  8:28  Marauder  
  32  8:33  SCV  
  35  8:40  SCV  
  36  8:47  SCV  
  37  8:54  SCV  
  38  9:00  Marine  
  38  9:01  SCV  
  40  9:08  SCV  
  41  9:15  SCV  
  42  9:19  Medivac  
  42  9:22  Supply Depot  
  42  9:23  SCV  
  45  9:29  Marine  
  45  9:30  SCV  
  47  9:37  SCV  
  48  9:45  SCV  
  49  9:48  Medivac  
  49  9:52  SCV  
  52  9:56  Supply Depot  
  52  9:58  Marine  
  52  9:59  SCV  
  52  10:06  SCV  
  51  10:18  Raven  
  53  10:28  Marine  
  50  10:57  Marine  
  51  11:26  Marine  
  52  11:46  SCV  
  52  11:54  SCV  
  52  11:56  Marine  
  50  12:18  SCV  
  50  12:25  Marine  
  50  12:28  SCV  
  50  12:43  SCV  
  49  12:55  Marine  
  50  13:00  SCV  
  46  13:07  SCV  
  47  13:14  SCV  
  48  13:22  SCV  
  48  13:24  Command Center, Marine  
  48  13:25  Factory Tech Lab  
  50  13:53  Marine  
  51  14:01  Raven  
  51  14:07  Armory  
  51  14:11  Marine  
  51  14:16  Siege Tank  
  55  14:29  Marine  
  56  14:37  SCV  
  57  14:45  SCV  
  58  14:47  Marine  
  58  14:52  Siege Tank  
  62  15:04  SCV, Raven  
  62  15:05  Marauder  
  64  15:12  SCV  
  62  15:19  SCV  
  62  15:20  Refinery  
  60  15:27  SCV  
  58  15:34  SCV  
  59  15:42  SCV  
  58  15:47  Medivac  
  58  15:49  SCV  
  55  15:56  SCV  
  56  16:03  Marine  
  54  16:04  SCV  
  55  16:12  SCV  
  55  16:17  Medivac  
  58  16:20  SCV, Marine  
  58  16:27  SCV  
  56  16:34  SCV  
  56  16:38  Marine  
  50  16:42  SCV  
  46  16:49  SCV  
  46  16:51  Siege Tank  
  46  16:52  Medivac  
  33  16:56  SCV  
  33  17:01  Marauder  
  35  17:04  SCV  
  34  17:11  SCV  
  33  17:18  SCV  
  33  17:22  Refinery, Marine  
  34  17:25  SCV  
  34  17:26  Siege Tank  
  37  17:32  SCV  
  36  17:39  Marine  
  36  17:40  SCV  
  37  17:47  SCV  
  37  17:54  SCV  
  37  17:57  Marine  
  39  18:01  SCV  
  40  18:07  Siege Tank  
  40  18:09  SCV  
  44  18:16  SCV  
  44  18:21  Marine  
  44  18:23  SCV  
  46  18:30  SCV  
  47  18:38  SCV  
  47  18:45  SCV, Marine  
  47  18:52  SCV  
  47  18:59  SCV  
  48  19:03  Marine  
  48  19:07  SCV  
  49  19:14  SCV  
  50  19:21  SCV, Marine  
  52  19:28  SCV  
  52  19:36  SCV  
  53  19:44  SCV, Marine  
  53  19:51  SCV  
  45  19:59  SCV  
  41  20:02  Marine  
  40  20:14  Siege Tank  
  39  20:28  Marine  
  38  20:37  SCV  
  38  20:46  Marine  
  38  20:53  SCV  
  38  20:57  Siege Tank  
  37  21:05  SCV  
  37  21:11  Marine  
  37  21:20  SCV  
  37  21:29  Marine  
  37  21:40  Siege Tank  
  24  21:51  SCV  
  24  21:52  Marine  
  17  21:59  SCV  
  17  22:06  SCV  
  18  22:10  Marine  
  18  22:16  Command Center, Siege Tank  
  21  22:27  Marine  
  20  22:45  Marine  
  21  22:52  Siege Tank  
  24  23:03  Marine  
  25  23:21  Marine  
  26  23:30  SCV  
  25  23:35  Refinery  
  25  23:37  SCV  
  25  23:39  Medivac, Marauder  
  26  23:45  SCV  
  21  23:52  SCV  
  10  23:59  SCV  
  6  24:06  SCV  
  9  24:13  SCV  
  6  24:20  SCV  
  6  24:26  Barracks  
  6  24:27  SCV  
  4  24:35  SCV  
  5  24:42  SCV  
  5  24:49  SCV  
  4  24:56  SCV  
  5  25:01  Barracks  
  5  25:03  SCV  
  5  25:10  SCV  
  5  25:17  SCV  
  6  25:25  SCV  
  5  25:39  SCV  
  6  25:51  SCV  
  6  25:53  Barracks  
  6  25:57  Supply Depot  
Tags
 
Add a new tag
Caveats
  • Supply blocks, unpowered buildings, or Contaminate may cause inaccurate times.
  • Supply counts are checked every 10 seconds.